 Dungeon Crawl Stone Soup version 0.21-a0-521-g1cd18d1 (webtiles) character file.

217 Gerstahl the Chopper (level 5, -13/47 HPs)
             Began as a Draconian Gladiator on Dec 5, 2017.
             Mangled by an orc wizard
             ... wielding a +1 dagger of electrocution
              (20 damage)
             ... on level 4 of the Dungeon.
             The game lasted 00:05:32 (2832 turns).

Gerstahl the Chopper (Draconian Gladiator)          Turns: 2832, Time: 00:05:33

Health: -13/47     AC:  5    Str: 18    XL:     5   Next: 62%
Magic:  5/5        EV: 13    Int:  8    God:
Gold:   126        SH:  0    Dex: 12    Spells: 4/4 levels left

rFire    . . .     SeeInvis .   a - +0 war axe
rCold    . . .     Gourm    .   (no shield)
rNeg     . . .     Faith    .   (armour unavailable)
rPois    .         Spirit   .   b - +0 hat
rElec    .         Reflect  .   k - scarf {repulsion}
rCorr    .         Harm     .   (no gloves)
MR       .....                  (no boots)
Stlth    +.........             (no amulet)
HPRegen  0.15/turn              (no ring)
MPRegen  0.09/turn              (no ring)

@: repel missiles
A: unfitting armour, cold-blooded, AC +5
a: no special abilities


You were on level 4 of the Dungeon.
You were very hungry.

You visited 1 branch of the dungeon, and saw 4 of its levels.

You collected 126 gold pieces.

Inventory:

Hand Weapons
 a - a +0 war axe (weapon)
Missiles
 c - 3 throwing nets (quivered)
Armour
 b - a +0 hat (worn)
 k - a scarf of repulsion (worn)
Scrolls
 e - 3 scrolls of magic mapping {unknown}
 f - a scroll of fog {unknown}
 h - 2 scrolls of blinking {unknown}
 i - 3 scrolls of teleportation {unknown}
 l - a scroll of noise {unknown}
 n - 3 scrolls of fear {unknown}
 o - 2 scrolls of remove curse {unknown}
 q - a scroll of amnesia {unknown}
Potions
 p - a potion of invisibility {unknown}
 r - a potion of cancellation {unknown}
Books
 m - a book of Misfortune

   Spells                             Type                      Level
   a - Confusing Touch                Hexes                        1
   b - Confuse                        Hexes                        3
   c - Gell's Gravitas                Translocation                3
   d - Petrify                        Transmutation/Earth          4
   e - Metabolic Englaciation         Hexes/Ice                    5
   f - Yara's Violent Unravelling     Hexes/Transmutation          5
Comestibles
 d - 5 bread rations
 j - 3 fruits


   Skills:
 + Level 4.8 Fighting
 + Level 5.0 Axes
 - Level 1.7 Throwing
 - Level 2.6 Dodging


You had 4 spell levels left.
You didn't know any spells.

Dungeon Overview and Level Annotations

Branches:
Dungeon (4/15)
 Temple: D:4-7

Altars:
Dithmenos
Trog

Annotations:
D:4 anet's ghost, amateur DEWz


Innate Abilities, Weirdness & Mutations

Your plain brown scales are hard. (AC +5)
You cannot fit into any form of body armour.
You are cold-blooded and may be slowed by cold attacks.


Message History

The hound bites you.
The orc wizard casts a spell.
The orc wizard flickers and vanishes!
The hound misses you.
You miss something. You slash the hound! The hound bites you.
Something hits you but does no damage.
You are electrocuted!
The hound barely misses you.
You hit something but do no damage.
Your tail-slap misses something.
You hit the hound. The hound bites you but does no damage.
Something hits you but does no damage.
You are electrocuted!
* * * LOW HITPOINT WARNING * * *
The hound bites you.
* * * LOW HITPOINT WARNING * * *
You hear some strange, mumbled words.
A magic dart appears from out of thin air!
The magic dart hits you!
* * * LOW HITPOINT WARNING * * *
Unknown command.
It was a potion of curing.
You feel better. The hound misses you. Something hits you but does no damage.
You are electrocuted!
You die...

... .. #.##.# #..#.#
#.##..#.# #.##..#.# # #
#######.##....##.#.. #
#.##...............? #
#.##.##.##.h..####. #
#.##.##.##.{@.#
#####.##.##.##†).>##
..............<....#
..###.##.##.##.....#
...........<##.....#
..#.#.##.##.#####.....
..#.#.....#...........
......#...#.####.#.##.#
..........#........# .#


You could see a hound.

Vanquished Creatures
  An ogre (D:3)
  5 adders
  An ooze (D:3)
  4 worms
  2 dart slugs (D:2)
  5 leopard geckos
  3 orcs (D:4)
  6 bats
  3 giant cockroaches
  5 goblins
  3 hobgoblins
  13 kobolds
  A ball python (D:1)
  2 frilled lizards
  8 rats
62 creatures vanquished.

Vanquished Creatures (others)
  2 plants (D:1)
2 creatures vanquished.

Grand Total: 64 creatures vanquished

Notes
Turn   | Place    | Note
-------+----------+-------------------------------------------
     0 | D:1      | Gerstahl the Draconian Gladiator began the quest for the Orb.
     0 | D:1      | Reached XP level 1. HP: 17/17 MP: 1/1
   150 | D:1      | Reached XP level 2. HP: 21/25 MP: 2/2
  1031 | D:1      | Reached XP level 3. HP: 20/31 MP: 3/3
  1498 | D:2      | Found a bloodstained altar of Trog.
  1563 | D:2      | Reached skill level 4 in Axes
  1721 | D:3      | Reached XP level 4. HP: 37/40 MP: 4/4
  1926 | D:3      | Found a shadowy altar of Dithmenos.
  2380 | D:3      | Noticed an ogre
  2386 | D:3      | Killed an ogre
  2386 | D:3      | Reached XP level 5. HP: 41/47 MP: 5/5
  2509 | D:4      | Noticed anet's ghost (amateur DEWz)
  2816 | D:4      | Reached skill level 5 in Axes
  2831 | D:4      | HP: 1/47 [something/magic dart (7)]
  2832 | D:4      | Mangled by an orc wizard

Vault maps used:
D:1:      dpeg_arrival_windows_large_door, lexackson_kobold_supper
D:2:      bloody_trog
D:3:      overflow_temple_1_default, first_bread
D:4:      minmay_temple_entry_butterflies, serial_park_tiny_1, uniq_pikel

Skill      XL: |  1  2  3  4  5 |
---------------+----------------+-----
Fighting       | 3 4 |  4.8
Axes           | 4 5 |  5.0
Throwing       | |  1.7
Dodging        | |  2.6

Action                   |  1- 3 |  4- 6 || total
-------------------------+-------+-------++-------
Melee: War axe           |   115 |    65 ||   180
       Tailslap          |     7 |     7 ||    14
  Use: Potion            |       |     1 ||     1
 Stab: Sleeping          |     3 |     2 ||     5
  Eat: Meat ration       |     1 |       ||     1
Armor: Skin              |    38 |    24 ||    62
Dodge: Dodged            |    88 |    61 ||   149
       Deflected         |     2 |     1 ||     3

Table legend:
 A = Spawn XP
 B = Non-spawn XP
 C = Spawn XP percentage of total XP
 D = Spawn monster count
 E = Non-spawn monster count
 F = Spawn count percentage of total count
 G = Total turns spent on level
                    A         B        C        D         E        F      G
               +---------+---------+-------+---------+---------+-------+---------
         Total |       0 |     311 |   0.0 |       0 |      62 |   0.0 |  2832
               +---------+---------+-------+---------+---------+-------+---------
           D:1 |       0 |      42 |   0.0 |       0 |      27 |   0.0 |  1061
           D:2 |       0 |      51 |   0.0 |       0 |      13 |   0.0 |   646
           D:3 |       0 |     206 |   0.0 |       0 |      18 |   0.0 |  1013
           D:4 |       0 |      12 |   0.0 |       0 |       4 |   0.0 |   112
               +---------+---------+-------+---------+---------+-------+---------
